 Dungeon Crawl Stone Soup version 0.28-a0-479-g5baa6b73be (webtiles) character file.

Game seed: 18249937543477099273

56 timneilson the Sneak (level 3, -1/17 HPs)
             Began as a Spriggan Conjurer on Sept 18, 2021.
             Slain by a yak (2 damage)
             ... on level 5 of the Dungeon.
             The game lasted 00:05:51 (2084 turns).

timneilson the Sneak (Spriggan Conjurer)            Turns: 2084, Time: 00:05:52

Health: -1/17      AC:  2    Str:  3    XL:     3   Next: 69%
Magic:  9/9        EV: 17    Int: 20    God:
Gold:   141        SH:  0    Dex: 13    Spells: 6/9 levels left

rFire   . . .      SeeInvis +   d - staff of conjuration
rCold   . . .      Faith    .   (shield currently unavailable)
rNeg    . . .      Spirit   .   a - +0 robe
rPois   .          Reflect  .   (helmet restricted)
rElec   .          Harm     .   (no cloak)
rCorr   .          Rampage  .   (gloves unavailable)
Will    .....                   (boots unavailable)
Stlth   ++........              (no amulet)
HPRegen 0.05/turn               (no ring)
MPRegen 0.11/turn               (no ring)

@: very quick
A: very small, no large weapons, unfitting armour, see invisible, speed 3
a: no special abilities


You were on level 5 of the Dungeon.
You visited 1 branch of the dungeon, and saw 4 of its levels.

You collected 141 gold pieces.

Inventory:

Hand Weapons
 b - a +0 short sword
Missiles
 e - a throwing net
Armour
 a - a +0 robe (worn)
Magical Staves
 d - a staff of conjuration (weapon)
Potions
 c - a potion of curing
 g - a potion of heal wounds {unknown}
 h - a potion of degeneration {unknown}


   Skills:
 + Level 0.5 Fighting
 - Level 0.1 Armour
 + Level 3.1 Dodging
 + Level 3.5 Stealth
 * Level 3.5 Spellcasting
 * Level 3.3 Conjurations
 + Level 0.0 Evocations


You had 6 spell levels left.
You knew the following spells:

 Your Spells              Type           Power      Damage    Failure   Level
a - Magic Dart            Conj           100%       1d8       3%          1
b - Searing Ray           Conj           50%        2d6       4%          2

Your spell library contained the following spells:

 Spells                   Type           Power      Damage    Failure   Level
 Dazzling Flash           Conj/Hex       30%        N/A       21%         3
 Fulminant Prism          Conj/Hex       7%         3d7       54%         4
 Iskenderun's Mystic Bla  Conj/Tloc      15%        2d5       54%         4


Dungeon Overview and Level Annotations

Branches:
Dungeon (3/15)

Altars:

Shops:
D:3 =


Innate Abilities, Weirdness & Mutations

You are very small and have problems with some larger weapons.
You are too small for most types of armour.
You have supernaturally acute eyesight. (SInv)
You cover ground extremely quickly. (Speed+++)


Message History

h - a black potion
Found a stone staircase leading down.
You now have 129 gold pieces (gained 9).
You now have 141 gold pieces (gained 12).
You open the door.
There is an open door here.
A frilled lizard comes into view.
Casting: Magic Dart (safe; 3% risk of failure)
Confirm with . or Enter, or press ? or * to list all spells.
Aiming: Magic Dart (safe; 3% risk of failure)
Press: ? - help, Shift-Dir - straight line, f - frilled lizard
Aim: a frilled lizard (asleep, 100% to hit)
You feel a surge of power!
The magic dart hits the frilled lizard.
You kill the frilled lizard!
You fall into a shaft and drop 2 floors!
The shaft crumbles and collapses.
Found an escape hatch in the floor.
A yak comes into view.
A yak comes into view.
A yak and a zombie come into view.
The yak bellows!
You hear a bellow!
The yak bellows!
You hear a bellow!
A yak comes into view.
You open the door.
The yak bellows!
A bullfrog skeleton comes into view.
A yak comes into view.
There is an open door here.
A quokka comes into view.
As you read the scroll labelled SIQEJOX ZIOLI, it crumbles to dust.
It is a scroll of identify.
c - a potion of curing The bullfrog zombie barely misses you.
The yak gores you.
Found a stone staircase leading up.
The yak gores you but does no damage.
You hit the quokka but do no damage. The yak misses you.
The yak snorts and paws the ground.
The quokka misses you. The yak gores you!
Ouch! That really hurt!
* * * LOW HITPOINT WARNING * * *
The yak gores you.
You die...

##.###..####
#........#
#........#
#........#
#######.##..##
##...###'##..##
#.......ZY....#
#......YYY....#
##...###@##..##
#### #r##..#
.....YY.
.........#
##.###.Y..# #+
.. .. .<


You could see 4 yaks, a bullfrog zombie and a quokka.

Vanquished Creatures
  2 adders (D:2)
  A dart slug (D:1)
  An orc (D:3)
  5 endoplasms
  2 giant cockroaches
  3 goblins
  4 hobgoblins
  4 kobolds (D:1)
  A quokka (D:3)
  2 ball pythons (D:1)
  4 bats
  A frilled lizard (D:3)
  3 rats
33 creatures vanquished.

Notes
Turn   | Place    | Note
-------+----------+-------------------------------------------
     0 | D:1      | timneilson the Spriggan Conjurer began the quest for the
                  | Orb.
     0 | D:1      | Reached XP level 1. HP: 9/9 MP: 5/5
   191 | D:1      | Reached XP level 2. HP: 13/13 MP: 0/7
   873 | D:1      | Found a faded altar of an unknown god.
  1319 | D:2      | Reached XP level 3. HP: 17/17 MP: 3/8
  1772 | D:2      | Identified a scroll of acquirement
  1772 | D:2      | Acquired a staff of conjuration
  1778 | D:2      | Learned a level 2 spell: Searing Ray
  1908 | D:3      | Found Fyicrips's Jewellery Shoppe.
  2056 | D:3      | You fall into a shaft and drop 2 floors!
  2056 | D:5      | Entered Level 5 of the Dungeon
  2066 | D:5      | Noticed a yak
  2067 | D:5      | Noticed a yak
  2068 | D:5      | Noticed a yak
  2072 | D:5      | Noticed a yak
  2076 | D:5      | Noticed a yak
  2084 | D:5      | Slain by a yak

Illustrated notes

Levels and vault maps discovered:
D:1:      dpeg_arrival_radiant, layout_loops_cross,
          shapermc_ecumenical_altar_petra
D:2:      layout_loops_ring
D:3:      layout_basic, serial_shops, shop, grunt_ministairs_11
D:5:      layout_gridville, minmay_temple_entry_stoned_glass, nzn_random_ring

Skill      XL: |  1  2 |
---------------+-------+-----
Conjurations   | 3 |  3.3
Spellcasting   | 3 |  3.5
Dodging        | 3 |  3.1
Fighting       | |  0.5
Armour         | |  0.1
Stealth        | |  3.5

Action                   || total
-------------------------++-------
Melee: Unarmed           ||     2
       Staff             ||     1
 Cast: Magic Dart        ||    71
  Use: Scroll            ||     2
Armor: Robe              ||     1
Dodge: Dodged            ||     6

Table legend: (Time is in decaauts)
 A = Elapsed time spent in this place.
 B = Non-inter-level travel time spent in this place.
 C = Inter-level travel time spent in this place.
 D = Time resting spent in this place.
 E = Time spent auto-exploring this place.
 F = Levels seen in this place.
 G = Mean time per level.
                   A        B        C        D        E       F      G
               +--------+--------+--------+--------+--------+-----+--------+
         Total |   1549 |   1540 |      9 |     65 |   1211 |   4 |  387.2 |
       Dungeon |   1549 |   1540 |      9 |     65 |   1211 |   4 |  387.2 |
               +--------+--------+--------+--------+--------+-----+--------+

Top non-repeatable levels by time:
     D:1: 834 daAuts
     D:2: 501 daAuts
     D:3: 194 daAuts
     D:5: 17 daAuts
